 Dungeon Crawl Stone Soup version 0.28-a0-1616-g050a50673c (webtiles) character file.

Game seed: 16108458341047166531

66 Sabo the Firebug (level 4, 0/33 HPs)
             Began as a Hill Orc Fire Elementalist on Jan 22, 2022.
             Was a Believer of Fedhas.
             Slain by Terence (2 damage)
             ... on level 2 of the Dungeon.
             The game lasted 00:12:17 (2825 turns).

Sabo the Firebug (Hill Orc Fire Elementalist)       Turns: 2825, Time: 00:12:18

Health: 0/33       AC:  2    Str: 10    XL:     4   Next: 15%
Magic:  2/7        EV: 12    Int: 17    God:    Fedhas [**....]
Gold:   78         SH:  0    Dex: 11    Spells: 6/7 levels left

rFire   . . .      SeeInvis .   j - staff of conjuration
rCold   . . .      Faith    .   (no shield)
rNeg    . . .      Spirit   .   a - +0 robe
rPois   .          Reflect  .   d - +0 hat
rElec   .          Harm     .   (no cloak)
rCorr   .          Rampage  .   (no gloves)
Will    .....                   (no boots)
Stlth   ++........              (no amulet)
HPRegen 0.11/turn               (no ring)
MPRegen 0.10/turn               (no ring)

@: no status effects
A: no striking features
a: Renounce Religion, Wall of Briars


You were on level 2 of the Dungeon.
You worshipped Fedhas.
Fedhas was pleased with you.
You visited 1 branch of the dungeon, and saw 2 of its levels.

You collected 78 gold pieces.

Inventory:

Hand Weapons
 f - a +0 short sword
Missiles
 i - 20 arrows
 l - 20 sling bullets
Armour
 a - a +0 robe (worn)
 d - a +0 hat (worn)
Magical Staves
 j - a staff of conjuration (weapon)
Scrolls
 c - a scroll of teleportation
 e - a scroll of identify {unknown}
 g - a scroll of immolation {unknown}
 n - a scroll of amnesia {unknown}
 o - a scroll of blinking {unknown}
Potions
 b - a potion of curing
 h - a potion of ambrosia {unknown}
 k - 2 potions of might {unknown}
 m - a potion of haste {unknown}


   Skills:
 + Level 0.1 Fighting
 + Level 2.0 Dodging
 + Level 2.0 Stealth
 + Level 2.0 Spellcasting
 + Level 1.4 Conjurations
 + Level 4.2 Fire Magic


You had 6 spell levels left.
You knew the following spells:

 Your Spells              Type           Power      Damage    Failure   Level
a - Foxfire               Conj/Fire      68%        2x1d7     6%          1

Your spell library contained the following spells:

 Spells                   Type           Power      Damage    Failure   Level
 Scorch                   Fire           32%        2d6       5%          2
 Conjure Flame            Conj/Fire      17%        6-21      19%         3
 Inner Flame              Hex/Fire       8%         N/A       24%         3
 Flame Wave               Conj/Fire      17%        2d6       52%         4


Dungeon Overview and Level Annotations

Branches:
Dungeon (2/15)

Altars:
Fedhas

Shops:
D:2 *

Annotations:
D:2 Terence


Message History

Terence is moderately wounded.
Terence closely misses you.
Casting: Foxfire (safe; 6% risk of failure)
Confirm with . or Enter, or press ? or * to list all spells.
You feel a surge of power!
You conjure some foxfire!
Terence hits you with a +0 flail.
The foxfire hits Terence but does no damage.
Terence is moderately wounded.
The foxfire hits Terence but does no damage.
Terence is moderately wounded.
Terence completely misses you.
Casting: Foxfire (safe; 6% risk of failure)
Confirm with . or Enter, or press ? or * to list all spells.
You feel a surge of power!
You conjure some foxfire!
Terence closely misses you.
Your foxfire dissipates!
The foxfire hits Terence.
Terence is heavily wounded.
Terence shouts, "ATTACK!!!"
Terence completely misses you.
You hit Terence but do no damage.
Terence is heavily wounded.
Terence hits you with a +0 flail!
* * * LOW HITPOINT WARNING * * *
Casting: Foxfire (safe; 6% risk of failure)
Confirm with . or Enter, or press ? or * to list all spells.
You feel a surge of power!
You conjure some foxfire!
Terence hits you with a +0 flail.
* * * LOW HITPOINT WARNING * * *
The foxfire hits Terence.
Terence is severely wounded.
The foxfire hits Terence.
Terence is severely wounded.
Terence barely misses you.
Casting: Foxfire (safe; 6% risk of failure)
Confirm with . or Enter, or press ? or * to list all spells.
You feel a surge of power!
You conjure some foxfire!
Terence hits you with a +0 flail.
You die...
Fedhas appreciates your contribution to the ecosystem.

#...##.# ##### #...##.#
....# #... #.# ###.#
#######..# #.# #.# #...
...# #.# #.# ##.## #..#
#.###
#.##########...####..#
#...#
#............@v#.....#
###.#
#..#########.v@#.##..#
#.# #..# #####.##..#
#.# #..# #.##..# #.#
#..#### #.##.†# #.#
#.....# #.##..# #.#
#..##.# #.###.# #.#
#..##.# #.# #.# #.#
#.## #.#########.# #.#
#.#
#.#.###..........###.##
#.#


You could see Terence (ally target).

Vanquished Creatures
  4 adders (D:2)
  A dart slug (D:2)
  4 endoplasms
  2 goblins
  4 hobgoblins
  2 quokkas (D:2)
  4 ball pythons
  3 frilled lizards (D:1)
  3 kobolds
  2 rats
29 creatures vanquished.

Vanquished Creatures (others)
  73 foxfires
73 creatures vanquished.

Grand Total: 102 creatures vanquished

Notes
Turn   | Place    | Note
-------+----------+-------------------------------------------
     0 | D:1      | Sabo the Hill Orc Fire Elementalist began the quest for the
                  | Orb.
     0 | D:1      | Reached XP level 1. HP: 14/14 MP: 3/3
   165 | D:1      | Found a faded altar of an unknown god.
   187 | D:1      | Prayed at the altar of an unknown god.
   187 | D:1      | Became a worshipper of Fedhas Madash
   187 | D:1      | Reached * piety under Fedhas
   595 | D:1      | Reached XP level 2. HP: 20/20 MP: 2/4
  1573 | D:2      | Reached XP level 3. HP: 10/26 MP: 0/5
  1641 | D:2      | Reached skill level 4 in Fire Magic
  2047 | D:2      | Reached ** piety under Fedhas
  2185 | D:2      | HP: 1/26 [poisoned by an adder]
  2186 | D:2      | Reached XP level 4. HP: 1/33 MP: 0/6
  2481 | D:2      | Found Xeggo's General Store.
  2809 | D:2      | Noticed Terence
  2825 | D:2      | Slain by Terence

Illustrated notes

Levels and vault maps discovered:
D:1:      psy_arrival_radial02, layout_basic, dreamdust_ecumenical_altar_statues
D:2:      layout_loops_ring, serial_shops, shop, chequers_serial_rivers_micro_b,
          minmay_misc_feat_chi, uniq_terence

Skill      XL: |  1  2  3  4 |
---------------+-------------+-----
Dodging        | 2 |  2.0
Fire Magic     | 4 |  4.2
Stealth        | 2 |  2.0
Spellcasting   | 2 |  2.0
Fighting       | |  0.1
Conjurations   | |  1.4

Action                   |  1- 3 |  4- 6 || total
-------------------------+-------+-------++-------
Melee: Unarmed           |     1 |       ||     1
       Staff             |     2 |     5 ||     7
 Cast: Foxfire           |    35 |    10 ||    45
  Use: Scroll            |     1 |       ||     1
       Potion            |       |     1 ||     1
 Stab: Sleeping          |     1 |       ||     1
Armor: Robe              |     1 |       ||     1
Dodge: Dodged            |    25 |    10 ||    35

Table legend: (Time is in decaauts)
 A = Elapsed time spent in this place.
 B = Non-inter-level travel time spent in this place.
 C = Inter-level travel time spent in this place.
 D = Time resting spent in this place.
 E = Time spent auto-exploring this place.
 F = Levels seen in this place.
 G = Mean time per level.
                   A        B        C        D        E       F      G
               +--------+--------+--------+--------+--------+-----+--------+
         Total |   2825 |   2825 |      0 |   1132 |      0 |   2 | 1412.5 |
       Dungeon |   2825 |   2825 |      0 |   1132 |      0 |   2 | 1412.5 |
               +--------+--------+--------+--------+--------+-----+--------+

Top non-repeatable levels by time:
     D:2: 1440 daAuts
     D:1: 1384 daAuts
